Map: Dasan Station LE

Players

True - Winner!

  • Race: Zerg Zerg
  • League: Grandmaster

Kelazhur

  • Race: Terran Terran

Event: Cheesadelphia Summer 2016

VOD

Have the link to the VOD?

Description

Time

  • Played on: July 24, 2016, 7:06 p.m.
  • Length: 5:50

All games in this series

Show
View Real Time Build Order
Export as new Build Order

True Zerg - Winner!

Build Orders: Hatch First 

Get SALT Encoding   

  12  0:00  Drone  
  13  0:08  Drone  
  14  0:33  Hatchery  
  13  0:36  Drone  
  14  0:43  Overlord  
  14  0:51  Extractor, Drone  
  15  1:04  Spawning Pool  
  15  1:08  Drone  
  15  1:12  Extractor  
  15  1:13  Drone  
  15  1:17  Drone  
  16  1:22  Drone  
  17  1:41  Drone x2  
  17  1:46  Drone  
  20  1:51  Queen  
  22  2:00  Queen  
  24  2:06  Drone  
  24  2:07  Drone  
  24  2:08  Drone  
  27  2:10  Drone  
  28  2:16  Overlord  
  28  2:27  Overlord  
  28  2:29  Overlord  
  28  2:34  Queen  
  28  2:36  Metabolic Boost  
  30  2:37  Zergling x2  
  30  2:40  Zergling x2  
  30  2:42  Zergling x2  
  33  2:47  Queen  
  35  2:52  Zergling x4  
  35  2:57  Zergling x2  
  35  2:58  Zergling x2  
  38  3:00  Zergling x2  
  38  3:04  Zergling x2  
  35  3:10  Zergling x2  
  35  3:12  Zergling x2  
  33  3:28  Zergling x4  
  33  3:29  Zergling x2  
  28  3:50  Overlord  
  28  4:09  Zergling x2  
  29  4:10  Zergling x4  
  29  4:11  Zergling x6  
  29  4:16  Queen  
  29  4:19  Queen  
  29  4:23  Zergling x2  
  34  4:25  Zergling x2  
  34  4:30  Overlord  
  35  4:49  Zergling x12  
  41  4:59  Zergling x4  
  43  5:06  Zergling x2  
  44  5:08  Zergling x2  
  44  5:09  Zergling x4  
  44  5:12  Zergling x4  
  44  5:13  Zergling x2  
Show
View Real Time Build Order
Export as new Build Order

Kelazhur Terran 

Build Orders:  

Get SALT Encoding   

  12  0:00  SCV  
  13  0:12  SCV  
  14  0:17  Supply Depot  
  14  0:25  SCV  
  15  0:39  SCV  
  15  0:40  Barracks  
  16  0:49  Barracks  
  16  0:53  SCV  
  17  1:05  SCV  
  17  1:11  Barracks  
  18  1:18  SCV  
  19  1:27  Marine  
  19  1:31  Orbital Command  
  20  1:36  Marine  
  21  1:45  Marine  
  22  1:48  Supply Depot  
  22  1:53  Barracks  
  22  1:55  Marine  
  23  2:09  Marine x2  
  23  2:13  Marine  
  26  2:16  Supply Depot  
  26  2:22  SCV  
  27  2:27  Marine x2  
  29  2:31  Marine  
  30  2:41  Marine  
  31  2:45  Marine x2  
  31  2:47  SCV  
  31  2:49  Marine  
  35  2:59  Marine  
  35  3:02  Marine x2  
  35  3:05  SCV  
  38  3:07  Marine  
  39  3:16  Marine  
  40  3:20  Marine x2  
  42  3:33  Marine  
  23  3:34  Marine  
  23  3:39  Marine  
  23  3:40  Marine  
  22  3:51  Marine  
  22  3:52  Marine  
  24  3:56  Marine  
  24  4:00  Marine  
  26  4:09  Marine  
  27  4:16  Marine  
  22  4:17  Marine  
  22  4:18  SCV  
  22  4:19  Marine  
  24  4:27  Marine  
  25  4:33  SCV  
  25  4:34  Marine  
  25  4:35  Marine  
  25  4:37  Marine  
  29  4:44  Marine  
  30  4:52  Marine  
  31  4:55  Marine  
  32  5:06  Marine  
Tags
 
Add a new tag
Caveats
  • Supply blocks, unpowered buildings, or Contaminate may cause inaccurate times.
  • Supply counts are checked every 10 seconds.